 Dungeon Crawl Stone Soup version 0.27.1-34-g3ba077fa99 (webtiles) character file.

Game seed: 14163284445454413476

74 vvl the Chiller (level 4, -2/35 HPs)
             Began as a Draconian Ice Elementalist on Jan 27, 2022.
             Killed by nerve-wracking pain
             ... invoked by Grinder
              (13 damage)
             ... on level 3 of the Dungeon.
             The game lasted 00:04:50 (2271 turns).

vvl the Chiller (Draconian Ice Elementalist)        Turns: 2271, Time: 00:04:52

Health: -2/35      AC:  5    Str: 11    XL:     4   Next: 10%
Magic:  12/16      EV: 12    Int: 22    God:
Gold:   48         SH:  0    Dex: 11    Spells: 6/7 levels left

rFire    . . .     SeeInvis .   (no weapon)
rCold    . . .     Faith    .   (no shield)
rNeg     . . .     Spirit   .   (armour unavailable)
rPois    .         Reflect  .   (helmet restricted)
rElec    .         Harm     .   (no cloak)
rCorr    .         Rampage  .   (no gloves)
Will     .....                  (no boots)
Stlth    ++........             (no amulet)
HPRegen  0.11/turn              b - +6 ring of intelligence
MPRegen  0.15/turn              d - ring of magical power

@: no status effects
A: AC +5, unfitting armour, cold-blooded
a: no special abilities


You were on level 3 of the Dungeon.
You visited 1 branch of the dungeon, and saw 3 of its levels.

You collected 48 gold pieces.

Inventory:

Magical Staves
 a - a staff of death
Jewellery
 b - a +6 ring of intelligence (left hand)
 d - a ring of magical power (right hand)
Scrolls
 c - a scroll of fog {unknown}
 e - a scroll of teleportation {unknown}
 f - a scroll of identify {unknown}
 g - a scroll of enchant armour {unknown}


   Skills:
 + Level 1.2 Fighting
 + Level 2.2 Dodging
 - Level 2.0 Stealth
 + Level 2.4 Spellcasting
 + Level 1.3 Necromancy
 + Level 1.2 Transmutations
 + Level 4.2 Ice Magic
 + Level 0.5 Earth Magic


You had 6 spell levels left.
You knew the following spells:

 Your Spells              Type           Power      Damage    Failure   Level
a - Freeze                Ice            84%        1d10      2%          1

Your spell library contained the following spells:

 Spells                   Type           Power      Damage    Failure   Level
 Frozen Ramparts          Ice            42%        1d6       7%          3
 Ozocubu's Armour         Ice            21%        N/A       7%          3
 Ensorcelled Hibernation  Hex/Ice        22%        N/A       9%          2
 Sandblast                Erth           10%        2d5       11%         1
 Passwall                 Tmut/Erth      5%         N/A       14%         2
 Slow                     Hex            2%         N/A       21%         2
 Vampiric Draining        Necr           4%         2d6       22%         3
 Spider Form              Tmut/Pois      2%         N/A       30%         3
 Confusing Touch          Hex            2%         N/A       36%         3
 Hailstorm                Conj/Ice       11%        3d5       50%         4
 Lee's Rapid Deconstruct  Erth           2%         3d6*      96%         5
 Shadow Creatures         Summ           N/A        N/A       100%        6


Dungeon Overview and Level Annotations

Branches:
Dungeon (3/15)

Altars:
Trog

Annotations:
D:3 Grinder


Innate Abilities, Weirdness & Mutations

Your plain brown scales are hard. (AC +5)
You cannot fit into any form of body armour.
You are cold-blooded and may be slowed by cold attacks.


Message History

Nothing appears to happen.
The ball python bites you. The ball python constricts you.
The ball python bites you but does no damage.
The ball python constricts you.
You freeze the ball python.
You kill the ball python!
The dart slug launches a dart at you. The slug dart hits you.
Grinder comes into view.
She is carrying a wand of polymorph (8).
Found a book of Frost.
The dart slug launches a dart at you.
The slug dart hits you but does no damage.
You hit the dart slug.
The dart slug is moderately wounded.
Grinder shouts!
The dart slug barely misses you.
You hit the dart slug. You tail-slap the dart slug.
The dart slug is almost dead.
You hit the dart slug.
You kill the dart slug!
Your magical contamination has completely faded away.
You see here a dart slug corpse.
Found a bloodstained altar of Trog.
Grinder hits you.
You writhe in agony.
You freeze Grinder.
Grinder resists.
Grinder is lightly wounded.
Grinder barely misses you.
You freeze Grinder but do no damage.
Grinder completely resists.
Grinder says, "Don't move a muscle."
Grinder hits you!
You writhe in agony.
You are too injured to fight recklessly!
Casting: Freeze (safe; 2% risk of failure)
Confirm with . or Enter, or press ? or * to list all spells.
Aiming: Freeze (safe; 2% risk of failure)
Press: ? - help, Shift-Dir - straight line, f/p - Grinder
Aim: Grinder, carrying a wand of polymorph (8) (lightly wounded)
You freeze Grinder.
Grinder resists.
Grinder is lightly wounded.
Grinder gestures at you. Pain shoots through your body!
You die...

+..#..≈.# .# #.
:..≈.# .# #.##..≈.#
_.# #....≈.#...
#.?..≈.#.###.
#....≈.......
#....≈≈≈≈≈≈≈≈
########...†@5......
........######......
###########.# #####
...# #.# ##.# #.#
#.# #.# #.# #.# #.#
#.# #.# #.#


You could see Grinder.

Vanquished Creatures
  Jessica (D:2)
  An adder (D:2)
  2 dart slugs
  4 bats
  3 giant cockroaches
  2 goblins
  A hobgoblin (D:2)
  6 jackals
  2 quokkas (D:1)
  4 ball pythons
  3 frilled lizards (D:1)
  3 kobolds
  A rat (D:1)
33 creatures vanquished.

Notes
Turn   | Place    | Note
-------+----------+-------------------------------------------
     0 | D:1      | vvl the Draconian Ice Elementalist began the quest for the
                  | Orb.
     0 | D:1      | Reached XP level 1. HP: 14/14 MP: 3/3
   216 | D:1      | Reached XP level 2. HP: 11/22 MP: 0/5
   738 | D:1      | Reached skill level 1 in Necromancy
  1108 | D:1      | Found a faded altar of an unknown god.
  1668 | D:2      | Reached skill level 1 in Fighting
  1668 | D:2      | Reached XP level 3. HP: 27/28 MP: 6/6
  1713 | D:2      | Noticed Jessica
  1720 | D:2      | Killed Jessica
  1721 | D:2      | Reached skill level 1 in Transmutations
  1994 | D:2      | Reached XP level 4. HP: 35/35 MP: 7/7
  2263 | D:3      | Noticed Grinder
  2268 | D:3      | Found a bloodstained altar of Trog.
  2271 | D:3      | Killed from afar by Grinder

Illustrated notes

Levels and vault maps discovered:
D:1:      dpeg_arrival_windows_large_door, layout_loops_cross,
          shapermc_ecumenical_altar_flowoftime, chequers_avenue
D:2:      layout_basic, uniq_jessica
D:3:      layout_basic, general_overflow_altar, mainiacjoe_overflow_brackets,
          riverfiend_overflow_shadow_ancestor, gammafunk_ghost_cemetery,
          minmay_liquid_box, corexii_item_surrounded_by_moat,
          saegor_snake_ambush, uniq_grinder

Skill      XL: |  1  2  3 |
---------------+----------+-----
Stealth        | 2 |  2.0
Necromancy     | 1 |  1.3
Dodging        | 2 |  2.2
Fighting       | 1 |  1.2
Transmutations | 1 |  1.2
Spellcasting   | |  2.4
Ice Magic      | |  4.2
Earth Magic    | |  0.5

Action                   |  1- 3 |  4- 6 || total
-------------------------+-------+-------++-------
Melee: Unarmed           |    56 |     6 ||    62
       Tailslap          |     5 |     1 ||     6
 Cast: Freeze            |    38 |     7 ||    45
 Stab: Sleeping          |       |     1 ||     1
Armor: Skin              |    26 |     7 ||    33
Dodge: Dodged            |    56 |    11 ||    67
